Map: Golden Wall LE

Players

TYTY (TY) - Winner!

  • Race: Terran Terran
  • League: Grandmaster
  • Spawn Location: 7:00

Zest

  • Race: Protoss Protoss
  • League: Master
  • Spawn Location: 5:00

VOD

https://www.youtube.com/watch?v=2j5iCAk5kPE

Description

TY goes mech.

Time

  • Played on: April 17, 2020, 6:57 a.m.
  • Length: 17:14
Show
View Real Time Build Order
Export as new Build Order

TYTY Terran - Winner!

Build Orders: Mech, Banshee Rush 

Get SALT Encoding   

  12  0:00  SCV  
  13  0:12  SCV  
  14  0:17  Supply Depot  
  14  0:24  SCV  
  15  0:28  Refinery  
  15  0:38  SCV  
  16  0:44  Barracks  
  16  0:50  SCV  
  17  1:02  SCV  
  18  1:15  SCV  
  20  1:33  Reaper  
  20  1:34  Orbital Command  
  20  1:46  Command Center  
  20  1:59  Factory  
  20  2:02  SCV  
  20  2:06  Barracks Reactor  
  21  2:13  Supply Depot  
  21  2:16  SCV  
  22  2:28  SCV  
  23  2:40  SCV  
  23  2:42  Marine x2  
  23  2:43  Hellion, Starport  
  28  2:53  SCV  
  28  3:00  Orbital Command  
  28  3:02  Marine  
  28  3:03  Refinery  
  28  3:05  SCV, Marine  
  30  3:07  Orbital Command  
  30  3:08  Factory Tech Lab  
  31  3:20  Marine  
  31  3:21  SCV  
  31  3:23  Marine  
  35  3:33  SCV  
  35  3:35  SCV, Banshee  
  35  3:38  Marine  
  35  3:41  Marine  
  40  3:42  Supply Depot  
  40  3:45  SCV  
  40  3:47  SCV, Cloaking Field  
  42  3:54  Factory Tech Lab  
  42  3:57  SCV  
  42  3:59  SCV  
  44  4:06  Supply Depot  
  44  4:08  Marine x2  
  44  4:09  SCV  
  47  4:11  SCV  
  47  4:15  Siege Tank  
  51  4:18  Supply Depot  
  51  4:21  SCV  
  52  4:24  SCV  
  53  4:33  SCV  
  53  4:34  Banshee  
  53  4:37  Command Center  
  57  4:39  SCV  
  58  4:48  SCV  
  58  4:49  Refinery x2  
  58  4:51  SCV  
  60  4:58  Siege Tank  
  60  4:59  Marine x2  
  65  5:01  SCV  
  65  5:03  SCV  
  65  5:13  SCV  
  66  5:16  Banshee  
  70  5:24  SCV  
  70  5:25  SCV  
  70  5:32  Supply Depot  
  70  5:35  Bunker  
  70  5:38  SCV, Supply Depot  
  70  5:41  Hyperflight Rotors  
  70  5:42  SCV  
  70  5:46  Engineering Bay  
  70  5:48  Supply Depot  
  70  5:49  Marine x2, Siege Tank  
  75  5:50  SCV, Orbital Command  
  75  5:55  SCV  
  77  6:02  SCV, Raven  
  80  6:07  SCV, Marine x2  
  83  6:14  SCV, Orbital Command  
  85  6:19  SCV  
  85  6:21  Siege Tank  
  85  6:25  Missile Turret, Marine x2  
  90  6:27  SCV  
  90  6:29  Missile Turret  
  90  6:31  SCV  
  92  6:34  Factory  
  92  6:37  Factory  
  92  6:39  SCV x2  
  94  6:43  SCV  
  94  6:45  Banshee  
  98  6:51  SCV x2  
  98  6:52  Refinery  
  98  6:53  Refinery  
  100  6:55  SCV, Supply Depot  
  100  6:59  Supply Depot  
  100  7:00  Supply Depot  
  101  7:01  Supply Depot  
  101  7:02  Siege Tank  
  101  7:03  SCV x2  
  101  7:07  SCV  
  106  7:15  SCV  
  107  7:16  SCV  
  107  7:21  SCV  
  109  7:23  Armory  
  109  7:24  Armory, Factory Tech Lab  
  109  7:27  SCV, Supply Depot  
  109  7:28  Banshee  
  112  7:30  SCV  
  112  7:32  Hellion x2  
  112  7:33  SCV  
  118  7:41  SCV  
  118  7:42  SCV, Sensor Tower  
  120  7:46  Supply Depot  
  120  7:47  Siege Tank  
  120  7:49  Supply Depot, Missile Turret, Siege Tank  
  126  7:52  SCV  
  126  7:53  SCV  
  126  7:54  Hellion x2  
  132  8:01  SCV  
  132  8:05  SCV x2  
  134  8:10  Terran Vehicle Weapons Level 1  
  134  8:11  Terran Vehicle And Ship Armor Level 1, Banshee  
  138  8:13  SCV, Supply Depot  
  138  8:19  Siege Tank  
  142  8:21  Hellion x2  
  146  8:30  Command Center  
  148  8:36  Siege Tank  
  148  8:38  Factory x2  
  148  8:40  Missile Turret  
  149  8:43  Hellion  
  149  8:44  Hellion, Infernal Pre-Igniter  
  153  8:53  Siege Tank  
  156  8:57  Supply Depot x2  
  156  8:59  Supply Depot  
  156  9:00  Banshee  
  159  9:05  Hellion x2  
  159  9:08  Siege Tank  
  159  9:09  Sensor Tower  
  166  9:22  Command Center  
  166  9:23  Factory Reactor, Factory Tech Lab  
  166  9:25  Supply Depot  
  166  9:26  Missile Turret  
  166  9:28  Siege Tank  
  169  9:40  Siege Tank  
  169  9:44  Banshee  
  175  9:47  Siege Tank  
  175  9:48  Hellion x2  
  182  9:58  Supply Depot  
  182  10:00  Supply Depot  
  182  10:01  SCV x2, Missile Turret  
  182  10:05  Hellion x3  
  190  10:10  Terran Vehicle Weapons Level 2, Missile Turret, Terran Vehicle And Ship Armor Level 2  
  190  10:18  Missile Turret, Siege Tank  
  196  10:24  Planetary Fortress  
  196  10:27  Hellion, Refinery  
  196  10:28  Hellion  
  200  10:37  Command Center  
  200  10:41  Command Center  
  197  10:43  Factory  
  197  10:44  Banshee  
  197  10:45  Factory x2  
  200  10:52  Missile Turret, Sensor Tower  
  194  11:02  Siege Tank x2  
  171  11:12  Mag-Field Accelerator  
  171  11:13  Hellion x2  
  171  11:14  Hellion x2  
  176  11:20  Orbital Command  
  172  11:30  Factory Reactor, Factory Tech Lab x2  
  172  11:31  Drilling Claws  
  172  11:33  Banshee  
  172  11:37  Siege Tank x2  
  172  11:38  Hellion x2  
  185  11:43  Hellion x2  
  189  11:47  Hellion  
  191  11:59  Hellion x2  
  191  12:00  Hellion x2  
  195  12:04  Hellion  
  197  12:08  Siege Tank  
  200  12:20  Siege Tank x2  
  200  12:22  Orbital Command  
  198  12:30  Planetary Fortress  
  198  12:34  Terran Vehicle Weapons Level 3, Terran Vehicle And Ship Armor Level 3  
  198  12:41  Missile Turret  
  198  12:50  Hellion x6, Siege Tank x2  
  198  12:51  Siege Tank  
  191  12:54  Hellion  
  172  12:59  Siege Tank  
  172  13:01  Hellion x2, Missile Turret  
  155  13:09  Siege Tank  
  155  13:10  Hellion x2  
  162  13:18  Hellion  
  162  13:25  Siege Tank  
  145  13:28  Hellion x2  
  145  13:33  Siege Tank x2  
  145  13:34  Hellion x2  
  159  13:37  SCV x3  
  159  13:40  Hellion x3  
  165  13:41  Hellion  
  165  13:45  Refinery  
  165  13:46  Refinery, Command Center x2  
  165  13:48  Sensor Tower  
  167  13:50  Hellion x2  
  167  13:55  Hellion x2  
  175  13:59  Siege Tank  
  175  14:02  Siege Tank  
  181  14:05  Hellion x2  
  181  14:06  Missile Turret  
  181  14:07  Sensor Tower  
  184  14:20  Hellion x8  
  198  14:31  Missile Turret  
  198  14:35  Missile Turret, Thor  
  198  14:36  Thor x2  
  195  14:48  Thor  
  197  15:01  Starport Reactor  
  197  15:11  Thor  
  180  15:17  Hellion x2  
  180  15:18  Thor  
  184  15:24  Hellion x2  
  184  15:28  Hellion x2  
  176  15:30  Thor x2  
  182  15:39  Orbital Command  
  182  15:41  Liberator x2  
  182  15:43  Siege Tank  
  182  15:44  Hellion x2  
  182  15:49  Hellion x2  
  193  15:54  Hellion  
  193  15:55  Hellion, Siege Tank  
  197  16:09  Siege Tank  
  200  16:18  Orbital Command  
  200  16:19  Command Center  
  200  16:26  Refinery  
  200  16:28  Factory  
  200  16:29  Refinery  
  200  16:30  Factory  
  180  16:44  Hellion x2  
  161  16:49  Hellion x2  
Show
View Real Time Build Order
Export as new Build Order

Zest Protoss 

Build Orders: 1 Gate Expand, Blink Stalkers 

Get SALT Encoding   

  12  0:00  Probe  
  13  0:12  Probe  
  14  0:17  Pylon  
  14  0:24  Probe (Chrono Boost)  
  15  0:36  Gateway  
  15  0:37  Probe (Chrono Boost)  
  16  0:45  Probe (Chrono Boost)  
  16  0:46  Assimilator  
  17  0:51  Probe  
  18  1:03  Probe  
  19  1:15  Probe  
  20  1:23  Cybernetics Core  
  20  1:33  Nexus  
  20  1:36  Probe  
  21  1:43  Pylon  
  21  1:48  Probe  
  21  1:51  Assimilator  
  22  1:59  Adept (Chrono Boost)  
  22  2:00  Probe (Chrono Boost)  
  23  2:04  Warp Gate  
  25  2:13  Probe (Chrono Boost)  
  26  2:20  Probe (Chrono Boost)  
  27  2:24  Stalker  
  27  2:28  Probe  
  30  2:34  Twilight Council  
  30  2:41  Probe  
  31  2:45  Probe  
  32  2:53  Probe  
  32  2:57  Probe  
  32  2:58  Stalker  
  36  3:03  Blink (Chrono Boost)  
  36  3:04  Gateway  
  36  3:05  Probe  
  37  3:13  Probe  
  37  3:19  Probe  
  39  3:25  Probe  
  40  3:28  Robotics Facility  
  40  3:32  Probe  
  41  3:36  Pylon  
  41  3:37  Probe  
  42  3:44  Probe  
  43  3:49  Probe  
  43  3:53  Sentry  
  46  3:56  Probe  
  46  4:01  Stalker, Nexus  
  49  4:04  Pylon  
  49  4:08  Phoenix, Assimilator  
  49  4:09  Probe  
  50  4:12  Probe  
  50  4:16  Observer  
  52  4:18  Stalker  
  52  4:22  Probe, Pylon  
  55  4:26  Probe  
  55  4:28  Stalker  
  58  4:35  Probe  
  58  4:38  Probe  
  60  4:40  Observer  
  61  4:46  Gateway x2  
  61  4:47  Probe  
  62  4:56  Stalker x2  
  66  5:00  Probe x2  
  66  5:04  Pylon  
  66  5:06  Shield Battery  
  66  5:07  Observer  
  59  5:24  Stalker  
  59  5:25  Stalker  
  59  5:26  Probe x2  
  59  5:27  Probe  
  64  5:36  Observer (Chrono Boost)  
  64  5:37  Observer  
  64  5:38  Probe (Chrono Boost)  
  64  5:39  Probe (Chrono Boost)  
  68  5:44  Probe (Chrono Boost)  
  68  5:49  Probe x2 (Chrono Boost)  
  70  5:53  Probe (Chrono Boost), Pylon  
  70  5:54  Probe x2 (Chrono Boost)  
  70  5:56  Assimilator  
  73  6:00  Assimilator  
  73  6:03  Probe  
  74  6:05  Probe x2  
  74  6:07  Stalker x3  
  74  6:08  Stalker  
  84  6:17  Probe (Chrono Boost)  
  86  6:20  Probe (Chrono Boost)  
  86  6:25  Probe (Chrono Boost)  
  87  6:28  Probe (Chrono Boost)  
  87  6:30  Probe (Chrono Boost)  
  87  6:31  Probe (Chrono Boost)  
  89  6:33  Forge  
  89  6:35  Templar Archives  
  89  6:36  Probe  
  89  6:37  Assimilator  
  89  6:38  Pylon  
  91  6:41  Warp Prism, Probe  
  91  6:43  Probe  
  93  6:48  Probe  
  93  6:51  Charge, Gateway x2, Psionic Storm  
  93  6:53  Probe  
  95  6:55  Probe  
  95  6:58  Observer  
  95  6:59  Protoss Ground Weapons Level 1 (Chrono Boost)  
  95  7:00  Probe, Observer  
  97  7:07  Gateway x2  
  97  7:13  Probe x3  
  100  7:19  Observer  
  100  7:27  Gateway x2  
  100  7:30  Gateway  
  100  7:31  Gateway  
  100  7:34  Forge  
  100  7:35  Pylon  
  100  7:38  Warp Prism  
  100  7:39  High Templar x2  
  100  7:41  High Templar  
  100  7:42  Observer  
  108  7:48  Pylon  
  108  7:53  Nexus  
  108  8:01  Robotics Facility  
  108  8:02  Robotics Bay  
  108  8:07  Stalker  
  108  8:08  Stalker  
  108  8:10  Stalker  
  108  8:12  Stalker  
  112  8:22  Protoss Ground Armor Level 1 (Chrono Boost)  
  112  8:25  Stalker x4  
  119  8:36  Photon Cannon  
  119  8:37  Observer (Chrono Boost)  
  119  8:38  High Templar  
  119  8:39  High Templar  
  124  8:43  Photon Cannon  
  124  8:56  Photon Cannon  
  124  8:58  Protoss Ground Weapons Level 2 (Chrono Boost), Gravitic Boosters  
  124  9:02  Pylon  
  124  9:04  Pylon, Photon Cannon, Disruptor x2  
  130  9:13  Probe  
  130  9:14  Probe x3  
  130  9:16  Assimilator  
  134  9:19  Assimilator  
  134  9:26  Probe  
  134  9:27  Photon Cannon  
  134  9:29  Pylon  
  135  9:32  Photon Cannon  
  135  9:33  Pylon  
  135  9:34  Observer  
  135  9:38  Stalker  
  135  9:39  Stalker x3  
  135  9:41  Probe x2  
  135  9:43  Probe  
  135  9:44  Probe  
  140  9:53  Probe x2, Disruptor  
  140  9:55  Disruptor  
  140  9:57  Probe (Chrono Boost)  
  149  10:03  Photon Cannon  
  149  10:05  Probe (Chrono Boost)  
  149  10:06  Probe x2 (Chrono Boost)  
  152  10:11  Protoss Ground Armor Level 2 (Chrono Boost)  
  154  10:15  Probe x2 (Chrono Boost)  
  154  10:17  Probe (Chrono Boost)  
  154  10:18  Observer  
  155  10:29  Observer  
  155  10:30  Photon Cannon  
  155  10:39  Photon Cannon  
  155  10:42  Photon Cannon  
  135  11:19  Protoss Ground Weapons Level 3 (Chrono Boost)  
  135  11:21  High Templar x3  
  135  11:22  Stalker x7  
  155  11:31  Pylon  
  155  11:39  Observer  
  155  11:41  Nexus  
  155  11:43  Pylon  
  155  11:44  Stargate  
  155  11:45  Stargate  
  155  11:46  Stargate  
  155  11:47  Probe x3  
  155  11:53  Pylon  
  158  12:04  Stalker x6  
  158  12:05  Stalker  
  172  12:09  Stargate  
  172  12:17  Observer  
  170  12:33  Zealot x8  
  170  12:34  Zealot x2  
  134  13:08  Zealot x10  
  134  13:09  Immortal x2 (Chrono Boost)  
  148  13:21  Observer x2  
  118  13:31  Void Ray x4 (Chrono Boost)  
  122  13:36  Fleet Beacon  
  122  13:39  High Templar x2  
  122  13:40  Stalker, Observer, High Templar x2  
  122  13:41  Stalker x5  
  150  13:45  Observer  
  150  13:46  Immortal x2  
  162  13:51  Probe x4  
  166  14:05  Stalker x6  
  178  14:24  Tempest x3 (Chrono Boost)  
  178  14:25  Tempest (Chrono Boost)  
  198  14:33  Observer  
  196  14:51  Archon  
  195  14:58  Stalker x3  
  196  15:09  Flux Vanes  
  166  15:25  Stalker x9  
  166  15:27  Observer x2  
  164  15:46  Photon Cannon  
  164  15:48  Stalker x5  
  164  15:49  Stalker x4  
  171  16:14  Zealot x4  
  171  16:15  Templar Archives, Zealot x6  
  166  16:40  Stalker x10  
Tags
 
Add a new tag
Caveats
  • Supply blocks, unpowered buildings, or Contaminate may cause inaccurate times.
  • Supply counts are checked every 10 seconds.